 Dungeon Sprint DCSS version 0.23.2-1-ga50397a6bc (webtiles) character file.

Game seed: 3694948661785176876

432 Kobolds4U the Unseen (level 6, 0/32 HPs)
             Began as a Spriggan Assassin on May 22, 2019.
             Was an Initiate of Okawaru.
             Shot with an arrow by a centaur warrior (16 damage)
             ... in the Dungeon (Sprint I: "Red Sonja").
             The game lasted 00:02:24 (360 turns).

Kobolds4U the Unseen (Spriggan Assassin)             Turns: 360, Time: 00:02:24

Health: 0/32       AC:  3    Str:  9    XL:     6   Next: 67%
Magic:  7/7        EV: 29    Int: 13    God:    Okawaru [......]
Gold:   178        SH:  0    Dex: 21    Spells: 5/5 levels left

rFire    . . .     SeeInvis +   a - +1 dagger (drain)
rCold    . . .     Gourm    .   (shield restricted)
rNeg     . . .     Faith    .   c - +0 robe
rPois    .         Spirit   .   (helmet restricted)
rElec    .         Reflect  .   d - +0 cloak
rCorr    .         Harm     .   (gloves unavailable)
MR       +....     NoTele   +   (boots unavailable)
Stlth    ++++......             (no amulet)
HPRegen  0.10/turn              (no ring)
MPRegen  0.10/turn              (no ring)

@: slow
A: very small, unfitting armour, see invisible, agile 1, herbivore, speed 3,
slow metabolism 2, strong 1
a: Renounce Religion


You were in the Dungeon.
You worshipped Okawaru.
Okawaru was noncommittal.
You were not hungry.

You visited 1 branch You collected 310 gold pieces.
You spent 132 gold pieces at shops.

Inventory:

Hand Weapons
 a - a +1 dagger of draining (weapon)
 b - a +0 blowgun
 n - a +2 dagger
Missiles
 e - 8 poisoned needles
 f - 2 curare-tipped needles
Armour
 c - a +0 robe (worn)
 d - a +0 cloak (worn)
Wands
 o - a wand of digging (3)
Scrolls
 m - a scroll of blinking
 q - a scroll of fog {unknown}
Potions
 h - a potion of curing
 i - a potion of heal wounds
 j - a potion of haste
 k - 2 potions of magic
 l - a potion of berserk rage
 p - a potion of flight
Comestibles
 g - a ration


   Skills:
 + Level 2.5 Fighting
 + Level 3.5 Short Blades
 - Level 3.1 Throwing
 + Level 11.2 Dodging
 - Level 16.8 Stealth


You had 5 spell levels left.
You didn't know any spells.
Your spell library was empty.

Dungeon Overview and Level Annotations

Branches:
Dungeon (1/1)

Altars:
Cheibriados
Dithmenos
Elyvilon
Fedhas
Gozag
Hepliaklqana
Kikubaaqudgha
Makhleb
Nemelex Xobeh
Okawaru
Qazlal
Ru
Sif Muna
Trog
Uskayaw
Vehumet
Wu Jian
Xom
Yredelemnul
Zin
The Shining One
Jiyva
Lugonu

Shops:
D !


Innate Abilities, Weirdness & Mutations

You are very small and have problems with some larger weapons.
You are too small for most types of armour.
You have supernaturally acute eyesight. (SInv)
You are a herbivore.
You cover ground extremely quickly.
You need to consume almost no food.
You are agile. (Dex +2)
Your muscles are strong. (Str +2)


Message History

You enter the shallow water.
Moving in this stuff is going to be slow.
The centaur warrior shouts!
You hear a shout!
The centaur warrior wields a +0 longbow.
The centaur warrior shoots an arrow.
The arrow closely misses you.
Found a ration and a copper wand.
A centaur warrior comes into view.
The centaur warrior shouts!
The centaur warrior unwields a +0 longbow.
The centaur warrior hits you. The centaur warrior hits you!
The centaur warrior wields a +0 longbow.
The centaur warrior shoots an arrow.
The arrow completely misses you.
The centaur warrior wields a +0 shortbow.
The centaur warrior shoots an arrow.
The arrow barely misses you.
You hear a splash.
The centaur warrior shoots an arrow.
The arrow completely misses you.
You hear a splash.
The centaur warrior shoots an arrow.
The arrow hits you!
Ouch! That really hurt!
You die...

##################
<.#.['..#.)'..#__#
..'..#.)'..#..+J.+
..#####'#####'#__####
..####..#...#.####§/#
..#__####..##(#§§§§§#
..#_____##'#_.§§@§c§+
⌠⌠#_.∩..†'..._#§§§c.#
###_..__##_.#'##+####
#_____###+#.# #######
###


You could see 2 centaur warriors.

Vanquished Creatures
  Sigmund (D)
  A yak (D)
  An ogre (D)
  A jelly (D)
  Ijyb (D)
5 creatures vanquished.

Notes
Turn   | Place    | Note
-------+----------+-------------------------------------------
     0 | D        | Kobolds4U the Spriggan Assassin began the quest for the
                  | Orb.
     0 | D        | Reached XP level 1. HP: 10/10 MP: 2/2
     1 | D        | Noticed Ijyb
     4 | D        | Killed Ijyb
     4 | D        | Reached skill level 7 in Stealth
     4 | D        | Reached XP level 2. HP: 16/16 MP: 3/3
     8 | D        | Noticed an ogre
    11 | D        | Killed an ogre
    11 | D        | Reached skill level 12 in Stealth
    11 | D        | Reached XP level 3. HP: 19/19 MP: 4/4
    11 | D        | Reached XP level 4. HP: 23/23 MP: 5/5
    20 | D        | Noticed Sigmund
    50 | D        | Killed Sigmund
    50 | D        | Reached skill level 16 in Stealth
    50 | D        | Reached XP level 5. HP: 19/27 MP: 6/6
   134 | D        | Found an ornate altar of the Wu Jian Council.
   134 | D        | Found a deep blue altar of Sif Muna.
   136 | D        | Found a radiant altar of Vehumet.
   140 | D        | Reached XP level 6. HP: 32/32 MP: 7/7
   142 | D        | Found Giukh's Distillery.
   142 | D        | Found an ancient bone altar of Kikubaaqudgha.
   142 | D        | Found a hazy altar of Hepliaklqana.
   142 | D        | Found a stormy altar of Qazlal.
   142 | D        | Found a hide-covered altar of Uskayaw.
   142 | D        | Found a blossoming altar of Fedhas.
   142 | D        | Found a bloodstained altar of Trog.
   142 | D        | Found an iron altar of Okawaru.
   142 | D        | Found a basalt altar of Yredelemnul.
   142 | D        | Found a glowing golden altar of the Shining One.
   142 | D        | Found a snail-covered altar of Cheibriados.
   142 | D        | Found a sacrificial altar of Ru.
   142 | D        | Found a glowing silver altar of Zin.
   142 | D        | Found a shadowy altar of Dithmenos.
   142 | D        | Found a white marble altar of Elyvilon.
   142 | D        | Noticed a yak
   143 | D        | Found an opulent altar of Gozag.
   144 | D        | Killed a yak
   145 | D        | Found a sparkling altar of Nemelex Xobeh.
   149 | D        | Bought a potion of flight for 33 gold pieces
   149 | D        | Bought a potion of mutation for 88 gold pieces
   149 | D        | Bought a potion of degeneration for 11 gold pieces
   150 | D        | Gained mutation: Your muscles are strong. (Str +2) [potion
                  | of mutation]
   150 | D        | Gained mutation: You are agile. (Dex +2) [potion of
                  | mutation]
   158 | D        | Became a worshipper of Warmaster Okawaru
   192 | D        | Found a viscous altar of Jiyva.
   192 | D        | Found a corrupted altar of Lugonu.
   192 | D        | Noticed a slime creature
   193 | D        | Found a burning altar of Makhleb.
   193 | D        | Found a shimmering altar of Xom.
   355 | D        | Noticed a centaur warrior
   359 | D        | Noticed a centaur warrior
   360 | D        | Shot with an arrow by a centaur warrior

Skill      XL: |  1  2  3  4  5  6 |
---------------+-------------------+-----
Fighting       | 2 |  2.5
Short Blades   | 3 |  3.5
Throwing       | 3 |  3.1
Dodging        | 3 6 11 | 11.2
Stealth        | 7 12 16 | 16.8

Action                   |  1- 3 |  4- 6 || total
-------------------------+-------+-------++-------
Melee: Dagger            |     2 |    21 ||    23
  Use: Potion            |       |     1 ||     1
 Stab: Sleeping          |     2 |     2 ||     4
Dodge: Dodged            |       |    16 ||    16
